 Dungeon Crawl Stone Soup version 0.26-a0-712-ga5a9c9c9d0 (webtiles) character file.

Game seed: 12210463979348715357

56 Inarius the Chiller (level 3, 0/24 HPs)
             Began as a Barachi Ice Elementalist on Nov 3, 2020.
             Succumbed to an adder's poison
             ... on level 2 of the Dungeon.
             The game lasted 00:02:00 (1456 turns).

Inarius the Chiller (Barachi Ice Elementalist)      Turns: 1456, Time: 00:02:01

Health: 0/24       AC:  2    Str:  9    XL:     3   Next: 95%
Magic:  0/7        EV: 12    Int: 16    God:
Gold:   86         SH:  0    Dex: 12    Spells: 6/7 levels left

rFire    . . .     SeeInvis .   e - +0 short sword
rCold    . . .     Faith    .   (no shield)
rNeg     . . .     Spirit   .   a - +0 robe
rPois    .         Reflect  .   (no helmet)
rElec    .         Harm     .   (no cloak)
rCorr    .         Rampage  .   (no gloves)
MR       .....                  (no boots)
Stlth    ++........             (no amulet)
HPRegen  0.08/turn              (no ring)
MPRegen  0.10/turn              (no ring)

@: lethally poisoned (0 -> -5), hasted, very quick
A: +LOS, swims, slowness 1, strong legs 1
a: Hop


You were on level 2 of the Dungeon.
You visited 1 branch of the dungeon, and saw 2 of its levels.

You collected 86 gold pieces.

Inventory:

Hand Weapons
 b - a +0 club
 e - a +0 short sword (weapon)
Missiles
 c - 5 javelins (quivered)
Armour
 a - a +0 robe (worn)
Scrolls
 d - a scroll of remove curse {unknown}
 g - a scroll of enchant armour {unknown}
 h - a scroll of enchant weapon {unknown}


   Skills:
 + Level 2.4 Dodging
 - Level 1.8 Stealth
 + Level 2.7 Spellcasting
 * Level 6.0 Ice Magic


You had 6 spell levels left.
You knew the following spells:

 Your Spells              Type           Power        Failure   Level
a - Freeze                Ice            ###.         1%          1

Your spell library contained the following spells:

 Spells                   Type           Power        Failure   Level
 Frozen Ramparts          Ice            ###...       4%          3
 Ozocubu's Armour         Ice            ###.....     4%          3
 Hailstorm                Conj/Ice       ##......     50%         4
 Summon Ice Beast         Ice/Summ       ##......     50%         4


Dungeon Overview and Level Annotations

Branches:
Dungeon (2/15)

Altars:


Innate Abilities, Weirdness & Mutations

You can be seen from farther away. (+LOS)
You can swim through water.
You cover ground slowly.
You can hop short distances.


Message History

The adder is no longer moving slowly.
You hit the adder.
You kill the adder!
Your Ice Magic skill increases to level 6!
* * * LOW HITPOINT WARNING * * *
You feel sick.
You barely miss the dart slug. You hit the dart slug but do no damage.
The dart slug closely misses you.
You hit the dart slug.
The dart slug is lightly wounded.
* * * LOW HITPOINT WARNING * * *
You feel sick.
You hit the dart slug.
The dart slug is moderately wounded.
The dart slug barely misses you.
You hit the dart slug.
The dart slug is heavily wounded.
You hit the dart slug.
The dart slug is almost dead.
You die...

#. ..... #.# ... #.#
... #.# #.# #.# #w#
#.# #.# #.####.#
#####.##.†.#
#.....@w.###
#.###.#### #.###.#
##...#.############
##..................
#..........#########
####..........#
..........#.##
###.....##.#


You could see a dart slug.

Vanquished Creatures
  2 adders (D:2)
  2 oozes
  A dart slug (D:1)
  7 goblins
  2 hobgoblins
  9 bats
  2 frilled lizards (D:1)
  A kobold (D:1)
  2 rats (D:1)
28 creatures vanquished.

Notes
Turn   | Place    | Note
-------+----------+-------------------------------------------
     0 | D:1      | Inarius the Barachi Ice Elementalist began the quest for
                  | the Orb.
     0 | D:1      | Reached XP level 1. HP: 13/13 MP: 3/3
   310 | D:1      | Reached skill level 5 in Ice Magic
   347 | D:1      | Reached XP level 2. HP: 17/19 MP: 3/5
   941 | D:1      | Reached XP level 3. HP: 19/24 MP: 4/6
  1450 | D:2      | Reached skill level 6 in Ice Magic
  1453 | D:2      | HP: 1/24 [poisoned by an adder]
  1456 | D:2      | Succumbed to an adder's poison

Illustrated notes

Levels and vault maps discovered:
D:1:      dpeg_arrival_stonehenge_12_columns, layout_loops_corners,
          grunt_decor_cap
D:2:      layout_loops_ring

Skill      XL: |  1  2  3 |
---------------+----------+-----
Ice Magic      | 5 6 |  6.0
Dodging        | |  2.4
Stealth        | |  1.8
Spellcasting   | |  2.7

Action                   || total
-------------------------++-------
Melee: Club              ||     6
       Short sword       ||    34
       Unarmed           ||     2
 Cast: Freeze            ||    35
  Use: Potion            ||     1
 Stab: Sleeping          ||     1
Armor: Robe              ||    17
Dodge: Dodged            ||    47

Table legend: (Time is in decaauts)
 A = Elapsed time spent in this place.
 B = Non-inter-level travel time spent in this place.
 C = Inter-level travel time spent in this place.
 D = Time resting spent in this place.
 E = Time spent auto-exploring this place.
 F = Levels seen in this place.
 G = Mean time per level.
                   A        B        C        D        E       F      G
               +--------+--------+--------+--------+--------+-----+--------+
         Total |   1613 |   1570 |     43 |     59 |   1302 |   2 |  806.5 |
       Dungeon |   1613 |   1570 |     43 |     59 |   1302 |   2 |  806.5 |
               +--------+--------+--------+--------+--------+-----+--------+

Top non-repeatable levels by time:
     D:1: 1515 daAuts
     D:2: 97 daAuts
